 Dungeon Crawl Stone Soup version 0.29.1-1-gd02db6906a (webtiles) character file.

Game seed: 929713515699218018

72 Sanktem7 the Sneak (level 4, -5/21 HPs)
             Began as a Spriggan Enchanter on Oct 1, 2022.
             Killed from afar by Natasha (7 damage)
             ... with a puff of flame
             ... on level 2 of the Dungeon.
             The game lasted 00:06:45 (2381 turns).

Sanktem7 the Sneak (Spriggan Enchanter)             Turns: 2381, Time: 00:06:45

Health: -5/21      AC:  2    Str:  4    XL:     4   Next: 6%
Magic:  1/10       EV: 16    Int: 18    God:
Gold:   77         SH:  7    Dex: 15    Spells: 8/10 levels left

rFire   . . .      SeeInvis +   a - +1 dagger {short}
rCold   . . .      Faith    .   o - +2 buckler
rNeg    . . .      Spirit   .   b - +0 robe
rPois   .          Reflect  .   (helmet restricted)
rElec   .          Harm     .   (no cloak)
rCorr   .          Rampage  .   (gloves unavailable)
Will    .....                   (boots unavailable)
Stlth   +++.......              (no amulet)
HPRegen 0.07/turn               (no ring)
MPRegen 0.12/turn               (no ring)

@: very slightly contaminated, very quick
A: very small, no large weapons, unfitting armour, see invisible, speed 3
a: no special abilities


You were on level 2 of the Dungeon.
You visited 1 branch of the dungeon, and saw 2 of its levels.

You collected 77 gold pieces.


Innate Abilities, Weirdness & Mutations

You are very small and have problems with some larger weapons.
You are too small for most types of armour.
You have supernaturally acute eyesight. (SInv)
You cover ground extremely quickly. (Speed+++)


   Skills:
 - Level 1.1 Short Blades
 - Level 2.6 Dodging
 + Level 5.3 Stealth
 + Level 3.5 Spellcasting
 * Level 5.0 Hexes


You had 8 spell levels left.
You knew the following spells:

 Your Spells              Type           Power      Damage    Failure   Level
a - Ensorcelled Hibernat  Hex/Ice        24%        N/A       19%         2

Your spell library contained the following spells:

 Spells                   Type           Power      Damage    Failure   Level
 Confusing Touch          Hex            21%        N/A       13%         3
 Tukima's Dance           Hex            21%        N/A       13%         3
 Dazzling Flash           Conj/Hex       24%        N/A       36%         3
 Blink                    Tloc           6%         N/A       45%         2
 Manifold Assault         Tloc           3%         N/A       100%        5
 Storm Form               Tmut/Air       1%         N/A       100%        7

Inventory:

Hand Weapons
 a - a +1 dagger (weapon) {short}
 m - a +4 dagger {short}
   (You found it on level 1 of the Dungeon)
Missiles
 e - 3 poisoned darts (quivered) {throwing}
 g - 34 stones {throwing}
Armour
 b - a +0 robe (worn)
 o - a +2 buckler (worn)
   (You found it on level 2 of the Dungeon)
Scrolls
 f - a scroll of magic mapping {unknown}
 i - a scroll of torment {unknown}
 j - a scroll of brand weapon {unknown}
 k - a scroll of immolation {unknown}
 l - a scroll of poison {unknown}
 n - 3 scrolls of identify {unknown}
 p - a scroll of teleportation {unknown}
Potions
 c - 2 potions of invisibility
 d - a potion of mutation {unknown}
 h - a potion of degeneration {unknown}
 q - a potion of cancellation {unknown}
 r - a potion of resistance {unknown}
 s - a potion of curing {unknown}

Dungeon Overview and Level Annotations

Branches:
Dungeon (2/15) Zot: 10317

Altars:
Ru

Annotations:
D:2 Natasha

.#######.# ##.......## #.# ##.#
.# #.# ##.....#####.# #.# ## #.#
##..........# #.# #.#
##.######### ##+# # #.# ###.####
##... ## ##<# #......# ##.... .##
##..# #.#.##.## ##.....
..####...#######.#.#...####...>..
..'.............@...h.....'......
..####....######.#.....####......
.## ##.#.# #.##.#.## ##..... ##
###.# #......# ##.... # #.#
####.### ##... #.# #.# ###'# #.#
####.#### #.... #.# #.......#
#.... ######.# #.##.##.######....


You could see Natasha.


Message History

😮 MP[-2]
You lost 2 mp, and now have 6/8 mp.
Casting: Ensorcelled Hibernation (safe; 21% risk of failure)
Confirm with . or Enter, or press ? or * to list all spells.
Aiming: Ensorcelled Hibernation (safe; 21% risk of failure)
Press: ? - help, Shift-Dir - straight line, f/p - Natasha
Aim: Natasha (chance to affect: 45%) Natasha resists with some effort.
You block Natasha's attack. 😮 MP[-2]
You lost 2 mp, and now have 4/8 mp.
Casting: Ensorcelled Hibernation (safe; 21% risk of failure)
Confirm with . or Enter, or press ? or * to list all spells.
Aiming: Ensorcelled Hibernation (safe; 21% risk of failure)
Press: ? - help, Shift-Dir - straight line, f/p - Natasha
Aim: Natasha (chance to affect: 45%)
You miscast Ensorcelled Hibernation.
Nothing appears to happen.
You block Natasha's attack. 😮 MP[-2]
You lost 2 mp, and now have 2/8 mp.
Casting: Ensorcelled Hibernation (safe; 21% risk of failure)
Confirm with . or Enter, or press ? or * to list all spells.
Aiming: Ensorcelled Hibernation (safe; 21% risk of failure)
Press: ? - help, Shift-Dir - straight line, f/p - Natasha
Aim: Natasha (chance to affect: 45%) Natasha looks drowsy... 😮 MP[-2]
You lost 2 mp, and now have 0/8 mp.
The helpless Natasha fails to defend herself.
You impale Natasha!!
You kill Natasha!
Natasha yowls pathetically as she dies!
Your Hexes skill increases to level 5!
You have reached level 4! 😮 HP[+4]
You now have 21 max hp (+5).
You regained 4 hp, and now have 14/21 hp.
There is a stone staircase leading up, spattered with blood here.
You see here the felid corpse of Natasha. 😮 MP[+1]
Your magical contamination has completely faded away. 😮 HP[+1] Natasha, Servant of Life and Death comes into view.
She is carrying a wand of flame (13).
Natasha hisses angrily. 😮 MP[+1]
Casting: Ensorcelled Hibernation (safe; 19% risk of failure)
Confirm with . or Enter, or press ? or * to list all spells.
Aiming: Ensorcelled Hibernation (safe; 19% risk of failure)
Press: ? - help, Shift-Dir - straight line, f - quokka
Aim: a quokka (chance to affect: 63%)
The quokka resists with significant effort. 😮 MP[-2]
You lost 2 mp, and now have 0/10 mp.
You hit the quokka. You block the quokka's attack. 😮 MP[+1]
You barely miss the quokka. The quokka closely misses you.
The quokka misses you.
You hit the quokka.
You kill the quokka!
Natasha zaps a wand.
The puff of flame hits you!
* * * LOW HITPOINT WARNING * * *
😨 HP[-7]
You take 7 damage, and now have 8/21 hp.
MASSIVE DAMAGE!! (PAUSE) Natasha casts a spell. 😨 HP[+1] 😨 MP[+1] As you open the door, it creaks loudly!
There is an open door here. 😨 MP[+1] 😨 HP[+1]
There is an open door here. 😨 MP[+1] Natasha zaps a wand.
The puff of flame misses you. 😮 HP[+1]
Casting: Ensorcelled Hibernation (safe; 19% risk of failure)
Confirm with . or Enter, or press ? or * to list all spells.
Aiming: Ensorcelled Hibernation (safe; 19% risk of failure)
Press: ? - help, Shift-Dir - straight line, f - Natasha
Aim: Natasha, carrying a wand of flame (11) (chance to affect: 46%) Natasha resists with some effort.
Natasha zaps a wand.
The puff of flame hits you!
* * * LOW HITPOINT WARNING * * *
😱 HP[-9] MP[-1]
You take 9 damage, and now have 2/21 hp.
MASSIVE DAMAGE!! (PAUSE)
You lost 1 mp, and now have 3/10 mp.
Casting: Ensorcelled Hibernation (safe; 19% risk of failure)
Confirm with . or Enter, or press ? or * to list all spells.
Aiming: Ensorcelled Hibernation (safe; 19% risk of failure)
Press: ? - help, Shift-Dir - straight line, f/p - Natasha
Aim: Natasha, carrying a wand of flame (10) (chance to affect: 46%)
You miscast Ensorcelled Hibernation.
You are very lightly contaminated with residual magic.
Nothing appears to happen.
Natasha zaps a wand.
The puff of flame hits you!
You die...

Skill      XL: |  1  2  3 |
---------------+----------+-----
Hexes          | 4 5 |  5.0
Spellcasting   | 3 |  3.5
Stealth        | 5 |  5.3
Short Blades   | |  1.1
Dodging        | |  2.6

Action                   |  1- 3 |  4- 6 || total
-------------------------+-------+-------++-------
Melee: Dagger            |    51 |     3 ||    54
 Cast: Ensorcelled Hiber |    22 |     2 ||    24
 Stab: Sleeping          |    19 |       ||    19
Armor: Robe              |     3 |       ||     3
Dodge: Dodged            |    33 |     3 ||    36
Block: Buckler           |     4 |     1 ||     5

Levels and vault maps discovered:
D:1:      co_arrival_random_square_maze, layout_basic,
          chequers_ecumenical_altar_island, minivault_25
D:2:      layout_loops_corners, basic_altar, uniq_sigmund, uniq_natasha

Notes
Turn   | Place    | Note
-------+----------+-------------------------------------------
     0 | D:1      | Sanktem7 the Spriggan Enchanter began the quest for the
                  | Orb.
     0 | D:1      | Reached XP level 1. HP: 9/9 MP: 5/5
     0 | D:1      | magus.rc [v1.9.6]
   282 | D:1      | Reached skill level 4 in Hexes
   360 | D:1      | Reached XP level 2. HP: 13/13 MP: 6/6
   370 | D:1      | Learned a level 2 spell: Ensorcelled Hibernation
   430 | D:1      | Reached skill level 3 in Spellcasting
   790 | D:1      | Found a faded altar of an unknown god.
   853 | D:1      | Reached skill level 5 in Stealth
   853 | D:1      | Reached XP level 3. HP: 16/16 MP: 8/8
  1886 | D:2      | Found a sacrificial altar of Ru.
  2045 | D:2      | You add the spells Blink, Manifold Assault and Storm Form
                  | to your library.
  2279 | D:2      | Noticed Natasha
  2294 | D:2      | Killed Natasha
  2295 | D:2      | Reached skill level 5 in Hexes
  2295 | D:2      | Reached XP level 4. HP: 14/21 MP: 0/10
  2314 | D:2      | Noticed Natasha
  2380 | D:2      | HP: 2/21 [Natasha/puff of flame (9)]
  2381 | D:2      | Killed from afar by Natasha

Vanquished Creatures
  Natasha (D:2)
  A gnoll (D:1)
  An adder (D:2)
  A dart slug (D:2)
  A ball python (D:1)
  An endoplasm (D:1)
  A giant cockroach (D:1)
  3 goblins
  6 hobgoblins (D:1)
  3 kobolds (D:1)
  2 quokkas
  4 bats (D:1)
  A frilled lizard (D:1)
  2 rats (D:1)
28 creatures vanquished.

Table legend:
 A = Non-vault XP
 B = Vault XP
 C = Vault XP percentage of total XP
 D = Non-vault monster count
 E = Vault monster count
 F = Vault count percentage of total count
                 A         B        C        D         E       F
            +---------+---------+-------+---------+---------+-------
      Total |      71 |      32 |  31.1 |      27 |       1 |   3.6
            +---------+---------+-------+---------+---------+-------
        D:1 |      50 |       0 |   0.0 |      23 |       0 |   0.0
        D:2 |      21 |      32 |  60.4 |       4 |       1 |  20.0
            +---------+---------+-------+---------+---------+-------

Illustrated notes

Table legend:
 A = Kills in this place as a percentage of kills in entire the game.
 B = Kills by you in this place as a percentage of kills by you in the entire game.
 C = Kills by friends in this place as a percentage of kills by friends in the entire game.
 D = Other kills in this place as a percentage of other kills in the entire game.
 E = Experience gained in this place as a percentage of experience gained in the entire game.
 F = Experience gained in this place divided by the number of levels of this place that you have seen.
                   A       B       C       D       E      F
               +-------+-------+-------+-------+-------+----------------------
         Total | 100.0 | 100.0 |   N/A |   N/A | 100.0 |  51.5
       Dungeon | 100.0 | 100.0 |   N/A |   N/A | 100.0 |  51.5
               +-------+-------+-------+-------+-------+----------------------

Table legend: (Time is in decaauts)
 A = Elapsed time spent in this place.
 B = Non-inter-level travel time spent in this place.
 C = Inter-level travel time spent in this place.
 D = Time resting spent in this place.
 E = Time spent auto-exploring this place.
 F = Levels seen in this place.
 G = Mean time per level.
                   A        B        C        D        E       F      G
               +--------+--------+--------+--------+--------+-----+--------+
         Total |   1681 |   1657 |     24 |      0 |   1309 |   2 |  840.5 |
       Dungeon |   1681 |   1657 |     24 |      0 |   1309 |   2 |  840.5 |
               +--------+--------+--------+--------+--------+-----+--------+

Top non-repeatable levels by time:
     D:1: 1191 daAuts
     D:2: 490 daAuts
